 Dungeon Crawl Stone Soup version 0.26.0-3-g156281e41b (webtiles) character file.

Game seed: 15922186267222476297

6 Descartes the Skirmisher (level 2, 0/24 HPs)
             Began as a Formicid Abyssal Knight on Jan 9, 2021.
             Was an Initiate of Lugonu.
             Slain by a kobold
             ... wielding a +0 club
              (3 damage)
             ... on level 1 of the Dungeon.
             The game lasted 00:02:09 (374 turns).

Descartes the Skirmisher (Formicid Abyssal Knight)   Turns: 374, Time: 00:02:10

Health: 0/24       AC:  3    Str: 16    XL:     2   Next: 0%
Magic:  12/12      EV: 11    Int: 11    God:    Lugonu [......]
Gold:   46         SH:  0    Dex: 10    Spells: 1/1 levels left

rFire    . . .     SeeInvis +   a - +1 spear
rCold    . . .     Faith    .   (no shield)
rNeg     + . .     Spirit   .   b - +0 leather armour
rPois    .         Reflect  .   (helmet unavailable)
rElec    .         Harm     .   (no cloak)
rCorr    .         Rampage  .   (no gloves)
Will     .....                  (no boots)
Stlth    +.........             (no amulet)
HPRegen  0.08/turn              c - ring of magical power
MPRegen  0.13/turn              i - ring of positive energy

@: mighty
A: permanent stasis, dig shafts and tunnels, four strong arms, antennae 3
a: Dig, Shaft Self, Renounce Religion


You were on level 1 of the Dungeon.
You worshipped Lugonu.
Lugonu was noncommittal.
You visited 1 branch of the dungeon, and saw 1 of its levels.
You visited the Abyss 1 time.

You collected 46 gold pieces.

Inventory:

Hand Weapons
 a - a +1 spear (weapon)
Missiles
 e - 39 stones
 f - 12 arrows
Armour
 b - a +0 leather armour (worn)
Jewellery
 c - a ring of magical power (left hand)
 i - a ring of positive energy (right hand)
Scrolls
 d - 2 scrolls of enchant weapon {unknown}
 g - a scroll of random uselessness {unknown}
 j - a scroll of amnesia {unknown}


   Skills:
 + Level 3.3 Fighting
 - Level 2.0 Polearms
 + Level 2.3 Armour
 + Level 1.0 Dodging
 + Level 0.5 Shields
 + Level 2.3 Invocations


You had one spell level left.
You didn't know any spells.
Your spell library contained the following spells:

 Spells                   Type           Power        Failure   Level
 Ignite Poison            Fire/Tmut/Pois 0%           77%         3
 Fireball                 Conj/Fire      0%           100%        5
 Starburst                Conj/Fire      0%           100%        6
 Ignition                 Fire           0%           100%        8


Dungeon Overview and Level Annotations

Branches:
Dungeon (1/15)

Altars:


Innate Abilities, Weirdness & Mutations

You cannot be hasted, slowed, berserked, paralysed or teleported.
You can dig through walls and to a lower floor.
Your four strong arms can wield two-handed weapons with a shield.
You have a pair of large antennae on your head. (SInv)


Message History

You barely miss the kobold.
The kobold is heavily wounded.
The kobold hits you but does no damage.
You hit the kobold but do no damage.
The kobold is heavily wounded.
The kobold hits you but does no damage.
You miss the kobold.
The kobold is heavily wounded.
The kobold hits you with a +0 club.
* * * LOW HITPOINT WARNING * * *
You hit the kobold but do no damage.
The kobold is heavily wounded.
The kobold barely misses you.
You hit the kobold but do no damage.
The kobold is heavily wounded.
The kobold hits you but does no damage.
It was a potion of might.
You feel very mighty all of a sudden. The kobold hits you with a +0 club.
You die...

########
.......# ###
#.####.# #..
#### #.# #.#
####.####.....
#.# #.#
#......K...###
#.####.#
#.#...@.......
.......#
#....#####.###
#.###### #...##
#.## #...# ...#
##...#
...#######....#
..............#
...#######.#.##
.........#.#.#


You could see a kobold.

Vanquished Creatures
  A giant cockroach (D:1)
  2 goblins (D:1)
  A hobgoblin (D:1)
  A rat (D:1)
5 creatures vanquished.

Notes
Turn   | Place    | Note
-------+----------+-------------------------------------------
     0 | Abyss:1  | Descartes the Formicid Abyssal Knight began the quest for
                  | the Orb.
     0 | Abyss:1  | Reached XP level 1. HP: 18/18 MP: 2/2
   111 | Abyss:2  | Noticed a raiju
   113 | D:1      | Escaped the Abyss
   330 | D:1      | Reached skill level 1 in Dodging
   356 | D:1      | Reached XP level 2. HP: 16/24 MP: 3/3
   374 | D:1      | Slain by a kobold

Illustrated notes

Levels and vault maps discovered:
D:1:      ncdulo_halloftheorcs, layout_loops_ring

Skill      XL: |  1 |
---------------+----+-----
Dodging        | 1 |  1.0
Fighting       | |  3.3
Polearms       | |  2.0
Armour         | |  2.3
Shields        | |  0.5
Invocations    | |  2.3

Action                   || total
-------------------------++-------
Melee: Spear             ||    39
Invok: Depart the Abyss  ||     1
  Use: Potion            ||     1
Armor: Leather armour    ||     5
Dodge: Dodged            ||    16
